 Dungeon Crawl Stone Soup version bcrawl-1.40.2 (webtiles) character file.

Game seed: 6901136585867474142

359671 Mehrunes the Covert (level 11, -8/100 HPs)
             Began as a Naga Sloth Apostle on Nov 3, 2023.
             Was the Champion of Cheibriados.
             Mangled by a six-headed hydra (11 damage)
             ... on level 9 of the Dungeon.
             The game lasted 00:26:13 (10012 turns).

Mehrunes the Covert (Naga Sloth Apostle)           Turns: 10012, Time: 00:26:13

Health: -8/100     AC:  7    Str: 33    XL:     11   Next: 51%
Magic:  15/15      EV: 13    Int: 28    God:    Cheibriados [******]
Gold:   807        SH: 13    Dex: 25    Spells: 11/12 levels left

rFire    . . .     GDR:     35% a - +4 flail (drain)
rCold    . . .     SeeInvis +   c - +0 medium shield
rNeg     . . .     Gourm    .   J - +0 troll leather armour
rPois    +         Faith    +   w - +0 helmet
rElec    .         Spirit   .   p - +0 cloak
rCorr    .         Reflect  .   (no gloves)
MR       +....     Clarity  +   (no barding)
Stlth    +++++.....             y - amulet of faith
HPRegen  0.66/turn              (no ring)
MPRegen  0.14/turn              (no ring)

@: about to teleport, very slow
A: large, tail, swims, see invisible, deformed body, poison resistance, slowness
2, slow metabolism 1, spit poison 1, AC +3
a: Spit Poison, Bend Time, Defer, Temporal Distortion, Step From Time, Renounce
Religion


You were on level 9 of the Dungeon.
You worshipped Cheibriados.
Cheibriados was exalted by your worship.
You were not hungry.

You visited 1 branch of the dungeon, and saw 9 of its levels.
You also visited: Sewer.

You collected 807 gold pieces.

Inventory:

Hand Weapons
 a - a +4 flail of draining (weapon)
 b - a +0 morningstar
 q - a +0 whip of freezing
Missiles
 r - 497 sling bullets
 t - 2617 stones (quivered)
 L - a throwing net {=f}
Armour
 c - a +0 medium shield (worn)
 p - a +0 cloak (worn)
 w - a +0 helmet (worn)
 J - a +0 troll leather armour (worn)
Jewellery
 y - an amulet of faith (around neck)
 F - an uncursed amulet of the gourmand {unknown}
 P - an uncursed ring of flight {unknown}
Wands
 d - a wand of paralysis (3)
 A - a wand of random effects (6)
 D - a wand of polymorph (9)
 O - a wand of disintegration (6)
Scrolls
 f - 7 scrolls of enchant armour
 g - a scroll of blinking {unknown}
 i - 3 scrolls of identify
 k - a scroll of amnesia {unknown}
 m - a scroll of remove curse
 s - 3 scrolls of fog {unknown}
 x - a scroll of enchant weapon {unknown}
 z - 2 scrolls of immolation {unknown}
 E - a scroll of fear {unknown}
 H - 2 scrolls of revelation {unknown}
 M - a scroll of vulnerability {unknown}
 N - a scroll of brand weapon {unknown}
Potions
 h - 2 potions of ambrosia {unknown}
 j - a potion of degeneration {unknown}
 l - 2 potions of agility {unknown}
 n - a potion of berserk rage {unknown}
 u - 7 potions of curing {unknown}
 v - 2 potions of heal wounds {unknown}
 B - 2 potions of haste {unknown}
 C - 6 potions of lignification {unknown}
 G - a potion of might
 I - 3 potions of brilliance {unknown}
Comestibles
 e - 16 rations {!d}


   Skills:
 + Level 7.0 Fighting
 * Level 9.8 Maces & Flails
 + Level 5.5 Dodging
 + Level 11.4 Stealth
 + Level 5.8 Shields
 - Level 1.0 Spellcasting
 - Level 2.0 Hexes
 + Level 6.6 Evocations


You had 11 spell levels left.
You knew the following spells:

 Your Spells              Type           Power        Failure   Level  Hunger
a - Slow                  Hex            ##......     19%         1    None

Your spell library contained the following spells:

 Spells                   Type           Power        Failure   Level  Hunger
 Sandblast                Erth           #.....       38%         1    None
 Passwall                 Tmut/Erth      #.......     54%         2    ###....
 Stone Arrow              Conj/Erth      #.....       77%         3    #####..
 Petrify                  Tmut/Erth      #.........   99%         4    ######.
 Lee's Rapid Deconstruct  Erth           #.........   100%        5    #######


Dungeon Overview and Level Annotations

Branches:
Dungeon (9/12)             Temple (0/1) D:4            Lair (0/6) D:9
    Orc: D:8-11

Altars:
Cheibriados
Kikubaaqudgha
Makhleb
Nemelex Xobeh
Okawaru
Zin
The Shining One

Shops:
D:8 !


Innate Abilities, Weirdness & Mutations

You cannot wear boots.
You can swim through water.
Your serpentine skin is tough. (AC +3)
You have supernaturally acute eyesight. (SInv)
Armour fits poorly on your strangely shaped body.
Your system is resistant to poisons. (rPois)
You cover ground very slowly.
You have a slow metabolism.
You can spit poison.


Message History

As you read the scroll of teleportation, it crumbles to dust.
You feel strangely unstable.
The two-headed ogre hits you with a +0 giant spiked club!
You block the two-headed ogre's attack. The six-headed hydra bites you. x2
The six-headed hydra bites you!
* * * LOW HITPOINT WARNING * * *
The six-headed hydra closely misses you.
The six-headed hydra bites you.
* * * LOW HITPOINT WARNING * * *
You block the six-headed hydra's attack.
You block the two-headed ogre's attack.
The two-headed ogre hits you with a +0 dire flail!
* * * LOW HITPOINT WARNING * * *
You block the six-headed hydra's attack. x2
The six-headed hydra bites you.
* * * LOW HITPOINT WARNING * * *
The six-headed hydra bites you!
* * * LOW HITPOINT WARNING * * *
The six-headed hydra bites you!
You die...

###############.
################...............
...............................
...............................
.......#########...............
.......# #...............
.......# #.hh............
.......# #DO.............
.......# #@#######.......
P......# #.# ....... P......#
#.# ....h.⌠ P......# #.#
....._. .......#########.#
....⌠.⌠ P.P..............#
P..P.....#####...#######...
P.P......'...#.............
.P.......#...#.....######..


You could see a six-headed hydra, a two-headed ogre and 2 howler monkeys.

Vanquished Creatures
  A two-headed ogre (D:8)
  Pikel (D:8)
  A komodo dragon (D:9)
  A troll (D:7)
  3 hippogriffs
  17 yaks
  Eustachio (D:5)
  A hungry ghost (D:7)
  Edmund (D:6)
  2 crocodiles
  2 water moccasins
  Duvessa (D:5)
  3 porcupines (D:9)
  A black bear (D:9)
  2 sky beasts
  5 orc warriors
  5 ice beasts
  6 ogres
  4 phantoms
  3 bullfrogs
  A kobold brigand (D:8)
  Dowan (D:5)
  A wyvern zombie (D:9)
  A centaur (D:8)
  A wyvern skeleton (D:9)
  A scorpion (D:8)
  A howler monkey (D:9)
  5 orc priests
  5 crimson imps
  2 bullfrog zombies (D:8)
  2 jellies
  2 orc wizards
  3 hounds
  5 iguanas
  7 worker ants
  2 hound skeletons
  2 hound zombies
  A worker ant zombie (D:9)
  13 gnolls
  A howler monkey skeleton (D:9)
  5 adders
  4 shadow imps
  An ooze (D:3)
  3 adder zombies
  3 adder skeletons
  7 worms
  2 dart slugs (D:1)
  3 leopard geckos
  35 orcs
  A ball python (D:2)
  10 bats
  2 giant cockroaches (D:5)
  4 goblins
  9 hobgoblins
  A jackal (D:1)
  16 kobolds
  4 quokkas
  3 frilled lizards (D:1)
  A jackal skeleton (D:4)
  3 rats
  A fungus (D:9)
236 creatures vanquished.

Vanquished Creatures (others)
  2 slaves (D:8)
  A human (D:4)
  2 fungi (D:9)
  5 plants (D:9)
10 creatures vanquished.

Grand Total: 246 creatures vanquished

Notes
Turn   | Place    | Note
-------+----------+-------------------------------------------
     0 | D:1      | Mehrunes the Naga Sloth Apostle began the quest for the
                  | Orb.
     0 | D:1      | Reached XP level 1. HP: 19/19 MP: 2/2
   121 | D:1      | Reached XP level 2. HP: 26/26 MP: 3/3
   144 | D:1      | Reached skill level 5 in Stealth
   321 | D:1      | Reached XP level 3. HP: 31/32 MP: 4/4
  1017 | D:2      | Reached * piety under Cheibriados
  1212 | D:2      | Found a burning altar of Makhleb.
  1214 | D:2      | Noticed a green death
  1219 | D:2      | Noticed a neqoxec
  1219 | D:2      | Noticed an orange demon
  1355 | D:2      | Reached XP level 4. HP: 37/40 MP: 5/5
  1700 | D:2      | Reached skill level 1 in Dodging
  1750 | D:2      | Reached ** piety under Cheibriados
  1816 | D:2      | Found an iron altar of Okawaru.
  2154 | D:3      | Reached XP level 5. HP: 44/46 MP: 6/6
  2984 | D:3      | Noticed a phantom
  3030 | D:3      | Killed a phantom
  3031 | D:3      | Reached skill level 6 in Stealth
  3031 | D:3      | Reached XP level 6. HP: 42/56 MP: 7/7
  3357 | D:4      | Was placed under penance by Cheibriados
  3490 | D:4      | Found an ancient bone altar of Kikubaaqudgha.
  3492 | D:4      | Noticed a human
  3493 | D:4      | Killed a human
  3766 | D:4      | Was forgiven by Cheibriados
  3809 | D:4      | Found a staircase to the Ecumenical Temple.
  4202 | D:5      | Entered Level 5 of the Dungeon
  4202 | D:5      | Noticed an ice beast
  4202 | D:5      | Noticed a water moccasin
  4254 | D:5      | Found a glowing golden altar of the Shining One.
  4256 | D:5      | Found a burning altar of Makhleb.
  4271 | D:5      | Reached XP level 7. HP: 61/62 MP: 8/8
  4353 | D:5      | Found a snail-covered altar of Cheibriados.
  4353 | D:5      | Found a glowing silver altar of Zin.
  4393 | D:5      | Noticed Duvessa
  4445 | D:5      | Found a glowing drain.
  4463 | Sewer    | Entered a sewer
  4535 | Sewer    | Reached skill level 5 in Maces & Flails
  4681 | D:5      | Reached *** piety under Cheibriados
  4682 | D:5      | Reached skill level 7 in Stealth
  4745 | D:5      | Reached XP level 8. HP: 70/72 MP: 10/10
  5244 | D:5      | Noticed Dowan
  5252 | D:5      | Noticed Eustachio
  5257 | D:5      | Killed Duvessa
  5265 | D:5      | Killed Eustachio
  5268 | D:5      | Killed Dowan
  5594 | D:6      | Reached skill level 8 in Stealth
  5829 | D:6      | Noticed a hippogriff
  5959 | D:6      | Killed a hippogriff
  5960 | D:6      | Reached XP level 9. HP: 76/79 MP: 10/12
  6162 | D:6      | Got a wizard robe
  6177 | D:6      | Identified the cursed +0 robe of Chimes {*Slow Int+8 Dex-3
                  | Archmagi} (You found it on level 6 of the Dungeon)
  6414 | D:6      | Found an ancient bone altar of Kikubaaqudgha.
  6512 | D:6      | Noticed Edmund
  6530 | D:6      | Killed Edmund
  6633 | D:6      | Reached skill level 5 in Fighting
  6844 | D:6      | Reached **** piety under Cheibriados
  7050 | D:6      | Reached skill level 9 in Stealth
  7462 | D:7      | Reached skill level 5 in Evocations
  7591 | D:7      | Reached XP level 10. HP: 80/88 MP: 13/13
  8252 | D:8      | Found Haorchokk's Distillery.
  8311 | D:8      | Reached ***** piety under Cheibriados
  8315 | D:8      | Reached skill level 10 in Stealth
  8326 | D:8      | Reached skill level 5 in Shields
  8476 | D:8      | Noticed Pikel
  8485 | D:8      | Killed Pikel
  8579 | D:8      | Reached skill level 5 in Dodging
  8693 | D:8      | Noticed a two-headed ogre
  8714 | D:8      | Killed a two-headed ogre
  8715 | D:8      | Reached XP level 11. HP: 87/99 MP: 15/15
  9194 | D:8      | Reached ****** piety under Cheibriados
  9195 | D:8      | Reached skill level 11 in Stealth
  9702 | D:9      | Found a staircase to the Lair.
  9805 | D:9      | Noticed a two-headed ogre
  9808 | D:9      | Found a sparkling altar of Nemelex Xobeh.
  9812 | D:9      | Noticed a six-headed hydra
 10012 | D:9      | HP: 3/100 [six-headed hydra (10)]
 10012 | D:9      | Mangled by a six-headed hydra

Skill      XL: |  1  2  3  4  5  6  7  8  9 10 11 |
---------------+----------------------------------+-----
Stealth        | 5 6 7 8 9 10 11 | 11.4
Shields        | 2 3 4 5 |  5.8
Dodging        | 1 2 3 4 5 |  5.5
Maces & Flails | 3 4 5 6 7 9 |  9.8
Evocations     | 2 3 4 5 6 |  6.6
Fighting       | 3 4 5 6 7 |  7.0
Spellcasting   | |  1.0
Hexes          | |  2.0

Action                   |  1- 3 |  4- 6 |  7- 9 | 10-12 || total
-------------------------+-------+-------+-------+-------++-------
Melee: Mace              |    37 |   135 |   218 |       ||   390
       Flail             |       |       |    73 |   297 ||   370
       Whip              |       |       |    55 |       ||    55
       Morningstar       |       |       |       |     3 ||     3
Throw: Stone             |       |    29 |       |     6 ||    35
 Abil: Spit Poison       |    39 |    29 |    24 |    15 ||   107
       Evoke Berserk Rag |       |     1 |       |       ||     1
Evoke: Wand              |     2 |       |     4 |     2 ||     8
  Use: Scroll            |       |     3 |     4 |     2 ||     9
 Stab: Paralysed         |     4 |       |    10 |     5 ||    19
       Sleeping          |     2 |     3 |    13 |     5 ||    23
  Eat: Chunk             |     1 |    10 |    15 |    14 ||    40
       Ration            |     1 |     1 |     2 |       ||     4
Armor: Robe              |     9 |     6 |       |       ||    15
       Ring mail         |       |    28 |   127 |     4 ||   159
       Troll leather arm |       |       |       |    52 ||    52
Dodge: Dodged            |    22 |    48 |    92 |   114 ||   276
Block: Medium shield     |     4 |    77 |   190 |   171 ||   442
